 Dungeon Crawl Stone Soup version 0.25.1-8-g42b30a86e7 (webtiles) character file.

Game seed: 18327741522825640377

89 Destapler the Grave Robber (level 4, 0/36 HPs)
             Began as a Deep Dwarf Necromancer on Dec 27, 2020.
             Slain by a gnoll
             ... wielding a +0 whip
              (6 damage)
             ... on level 2 of the Dungeon.
             The game lasted 00:13:18 (2320 turns).

Destapler the Grave Robber (Deep Dwarf Necromancer) Turns: 2320, Time: 00:13:19

Health: 0/36       AC:  2    Str: 11    XL:     4   Next: 31%
Magic:  6/8        EV: 12    Int: 17    God:
Gold:   37         SH:  0    Dex: 13    Spells: 4/8 levels left

rFire    . . .     SeeInvis .   b - +0 dagger
rCold    . . .     Gourm    .   (no shield)
rNeg     . . .     Faith    .   a - +0 robe
rPois    .         Spirit   .   (no helmet)
rElec    .         Reflect  .   (no cloak)
rCorr    .         Harm     .   (no gloves)
MR       .....                  (no boots)
Stlth    ++........             (no amulet)
HPRegen  0.00/turn              (no ring)
MPRegen  0.11/turn              (no ring)

@: non-regenerating
A: damage resistance, heal wounds, sense surroundings 1, no regeneration
a: Heal Wounds


You were on level 2 of the Dungeon.
You were not hungry.

You visited 1 branch of the dungeon, and saw 2 of its levels.

You collected 37 gold pieces.

Inventory:

Hand Weapons
 b - a +0 dagger (weapon)
Missiles
 e - 14 poisoned darts (quivered)
Armour
 a - a +0 robe (worn)
Scrolls
 f - a scroll of noise {unknown}
 g - a scroll of enchant weapon {unknown}
 h - a scroll of identify {unknown}
Potions
 d - a potion of lignification {unknown}
 i - 2 potions of degeneration {unknown}
Comestibles
 c - 3 rations
 j - 2 chunks of flesh


   Skills:
 - Level 2.1 Dodging
 - Level 2.4 Stealth
 + Level 2.9 Spellcasting
 * Level 5.5 Necromancy


You had 4 spell levels left.
You knew the following spells:

 Your Spells              Type           Power        Failure   Level  Hunger
a - Pain                  Necr           ###.         1%          1    None
b - Vampiric Draining     Necr           ###.......   5%          3    ###....

Your spell library contained the following spells:

 Spells                   Type           Power        Failure   Level  Hunger
 Animate Skeleton         Necr           N/A          1%          1    None
 Animate Dead             Necr           N/A          19%         4    ####...
 Agony                    Necr           ###.....     45%         5    ######.


Dungeon Overview and Level Annotations

Branches:
Dungeon (2/15)

Altars:


Innate Abilities, Weirdness & Mutations

You are resistant to damage.
You can heal yourself by infusing magical energy.
You passively map a small area around you.
You do not regenerate.


Message History

The gnoll shouts! x3
The gnoll hits you with a +0 whip.
* * * LOW HITPOINT WARNING * * *
The gnoll closely misses you.
There is a stone staircase leading up, spattered with blood here.
Casting: Vampiric Draining (dangerous; 5% risk of failure)
Confirm with . or Enter, or press ? or * to list all spells.
Aiming: Pain (safe; 1% risk of failure)
Press: ? - help, Shift-Dir - straight line, f - gnoll
Aim: a gnoll, wielding a +0 whip (chance to defeat MR: 86%)
The gnoll writhes in agony!
Casting: Pain (safe; 1% risk of failure)
Confirm with . or Enter, or press ? or * to list all spells.
Aiming: Pain (safe; 1% risk of failure)
Press: ? - help, Shift-Dir - straight line, f/p - gnoll
Aim: a gnoll, wielding a +0 whip (heavily wounded, chance to defeat MR: 86%)
The gnoll writhes in agony.
The gnoll hits you with a +0 whip.
* * * LOW HITPOINT WARNING * * *
The gnoll hits you with a +0 whip!
You die...

#####....##.#.#....###......#
,
.........##.[...............#
, ##..#.....#...#..........,,
. .....##..............#..
..##.## *#......g.......# .
.....## #..)##).#.....## **
#...####...##.g.......#
#.#.......###.g.......#
##...##....# ##@.......#
#...†...##.# #.).....##
.....#..###.# ....#...##
.....##......[##..##### ....#
#..##.## #..# ...., ......#
...# .... ####..# *#.## ##..,
* *.. #.. * , , , ,.. ,


You could see 3 gnolls.

Vanquished Creatures
  5 gnolls
  A dart slug (D:1)
  A leopard gecko (D:1)
  5 bats
  A goblin (D:1)
  6 hobgoblins
  6 jackals
  A quokka (D:2)
  A frilled lizard (D:2)
  5 kobolds (D:1)
  5 rats
  A plant (D:1)
38 creatures vanquished.

Notes
Turn   | Place    | Note
-------+----------+-------------------------------------------
     0 | D:1      | Destapler the Deep Dwarf Necromancer began the quest for
                  | the Orb.
     0 | D:1      | Reached XP level 1. HP: 15/15 MP: 3/3
   238 | D:1      | Reached XP level 2. HP: 8/22 MP: 0/5
  1705 | D:2      | Reached skill level 5 in Necromancy
  1705 | D:2      | Reached XP level 3. HP: 8/28 MP: 3/6
  1712 | D:2      | Learned a level 3 spell: Vampiric Draining
  2126 | D:2      | Reached XP level 4. HP: 22/36 MP: 0/8
  2320 | D:2      | Slain by a gnoll

Illustrated notes

Levels and vault maps discovered:
D:1:      minmay_arrival_stair_chambers, layout_basic,
          chequers_serial_rivers_small_a, serial_bayou_lake_a
D:2:      layout_rooms, first_ration

Skill      XL: |  1  2 |
---------------+-------+-----
Spellcasting   | 2 |  2.9
Necromancy     | 5 |  5.5
Dodging        | |  2.1
Stealth        | |  2.4

Action                   |  1- 3 |  4- 6 || total
-------------------------+-------+-------++-------
Melee: Unarmed           |    77 |       ||    77
       Dagger            |   235 |       ||   235
Throw: Dart              |    25 |     2 ||    27
 Cast: Pain              |    48 |     4 ||    52
       Vampiric Draining |     8 |     4 ||    12
  Eat: Chunk             |     3 |     1 ||     4
       Ration            |     1 |       ||     1
Armor: Robe              |    12 |     1 ||    13
Dodge: Dodged            |    64 |     4 ||    68
